 Dungeon Crawl Stone Soup version 0.31.0-32-g396128a36d (webtiles) character file.

Game seed: 13924480688846447222

1300 DemonSlayer the Digger (level 8, -4/47 (53) HPs)
             Began as a Demonspawn Earth Elementalist on Apr 21, 2024.
             Was an Initiate of Dithmenos.
             Killed by divine providence
             ... invoked by Jeremiah
              (16 damage)
             ... on level 6 of the Dungeon.
             The game lasted 00:14:43 (7267 turns).

DemonSlayer the Digger (DsEE)                       Turns: 7267, Time: 00:14:44

HP:   -4/47 (53)    AC: 20    Str: 10    XL:     8   Next: 31%
MP:   14/17         EV: 16    Int: 16    God:    Dithmenos [......]
Gold: 222           SH:  4    Dex: 16    Spells: 4/19 levels left

rFire   . . .        m - +0 dagger (spect)
rCold   . . .        (no shield)
rNeg    . . .        i - +5 ring mail "Ciem" {+Blink Str+2 Slay+3}
rPois   .            (helmet restricted)
rElec   .            p - +2 cloak
rCorr   .            (no gloves)
SInv    +            g - +0 pair of boots
Will    .....        (no amulet)
Stlth   +            h - ring of see invisible
HPRegen 0.27/turn    l - +5 ring of evasion
MPRegen 0.15/turn

%: no passive effects
@: very slightly contaminated, heavily drained, invisible
A: antennae 2, yellow scales 1, icemail 1, condensation shield
a: Renounce Religion, Evoke Blink


You were on level 6 of the Dungeon.
You worshipped Dithmenos.
Dithmenos was noncommittal.
You visited 2 branches of the dungeon, and saw 7 of its levels.

You collected 222 gold pieces.

Inventory:

Hand Weapons
 m - a +0 spectral dagger (weapon)
Armour
 g - a +0 pair of boots (worn)
 i - the +5 ring mail "Ciem" (worn) {+Blink Str+2 Slay+3}
   (You found it on level 3 of the Dungeon)

   Str+2:     It affects your strength (+2).
   Slay+3:    It affects your accuracy & damage with ranged weapons and melee
   (+3).
   +Blink:    It lets you blink.
 p - a +2 cloak (worn)
Jewellery
 h - a ring of see invisible (left hand)
 l - a +5 ring of evasion (right hand)
 q - an amulet of faith
 u - a ring of willpower
Wands
 o - a wand of flame (28)
 s - a wand of charming (8)
Scrolls
 c - a scroll of enchant armour
 d - a scroll of butterflies
 n - a scroll of revelation
 r - a scroll of brand weapon
Potions
 e - a potion of berserk rage {unknown}
 f - a potion of attraction {unknown}
 j - a potion of curing
 k - 3 potions of enlightenment {unknown}
 t - a potion of mutation {unknown}


   Skills:
 + Level 0.5 Fighting
 + Level 0.5 Short Blades
 + Level 1.6 Armour
 + Level 2.4 Dodging
 + Level 2.1 Stealth
 + Level 1.7 Shields
 + Level 6.3 Spellcasting
 + Level 1.0 Conjurations
 + Level 6.4 Earth Magic


You had 4 spell levels left.
You knew the following spells:

 Your Spells              Type           Power      Damage    Failure   Level
a - Sandblast             Erth           50%        2d12      2%          1
b - Stone Arrow           Conj/Erth      34%        3d9       22%         3
c - Passwall              Erth           25%        N/A       7%          3
d - Petrify               Alch/Erth      15%        N/A       65%         4
e - Brom's Barrelling Bo  Conj/Erth      17%        2d4       58%         4

Your spell library contained the following spells:

 Spells                   Type           Power      Damage    Failure   Level
 Freeze                   Ice            20%        1d4       34%         1
 Hailstorm                Conj/Ice       6%         3d5       63%         3
 Animate Armour           Summ/Erth      30%        N/A       65%         4
 Frozen Ramparts          Ice            10%        1d2       71%         3
 Lehudib's Crystal Spear  Conj/Erth      8%         10d4      100%        8


Dungeon Overview and Level Annotations

Branches:
Dungeon (6/15)             Temple (1/1) D:5

Altars:
Ashenzari
Cheibriados
Dithmenos
Fedhas
Gozag
Kikubaaqudgha
Makhleb
Nemelex Xobeh
Okawaru
Qazlal
Ru
Sif Muna
Trog
Uskayaw
Vehumet
Xom

Shops:
D:2 !   D:4 (

Annotations:
D:6 Jeremiah


Innate Abilities, Weirdness & Mutations

You have a pair of antennae on your head.
You are partially covered in yellow scales. (AC +2)
A meltable icy envelope protects you from harm. (AC +4)
A meltable shield of frost defends you. (SH +4)


Message History

Aim: Jeremiah, wielding a +4 trident of draining, wearing a +0 robe of willpower and wearing an orb of energy (almost dead, 79% to hit)
The blast of sand hits the butterfly!
You kill the butterfly!
The butterfly disappears in a burst of colours!
Casting: Sandblast (safe; 2% risk of failure)
Confirm with . or Enter, or press ? or * to list all spells.
Aiming: Sandblast (safe; 2% risk of failure)
Press: ? - help, Shift-Dir - straight line, f/p - Jeremiah
Aim: Jeremiah, wielding a +4 trident of draining, wearing a +0 robe of willpower and wearing an orb of energy (almost dead, 79% to hit)
The blast of sand hits the butterfly!
You kill the butterfly!
The butterfly disappears in a burst of colours! x2
Casting: Sandblast (safe; 2% risk of failure)
Confirm with . or Enter, or press ? or * to list all spells.
Aiming: Sandblast (safe; 2% risk of failure)
Press: ? - help, Shift-Dir - straight line, f/p - Jeremiah
Aim: Jeremiah, wielding a +4 trident of draining, wearing a +0 robe of willpower and wearing an orb of energy (almost dead, 79% to hit)
The blast of sand hits the butterfly!
You kill the butterfly!
The butterfly disappears in a burst of colours! x4
Jeremiah throws their arms up pleadingly.
Something smites you!
* * * LOW HITPOINT WARNING * * *
You feel better.
You fade into invisibility!
The butterfly disappears in a burst of colours!
Magic courses through your body.
The butterfly disappears in a burst of colours!
Casting: Sandblast (safe; 2% risk of failure)
Confirm with . or Enter, or press ? or * to list all spells.
Aiming: Stone Arrow (dangerous; 22% risk of failure)
Press: ? - help, Shift-Dir - straight line, f/p - Jeremiah
Aim: Jeremiah, wielding a +4 trident of draining, wearing a +0 robe of willpower and wearing an orb of energy (almost dead, unable to see you, 60% to hit)
You miscast Stone Arrow.
You are very lightly contaminated with residual magic.
Nothing appears to happen.
Jeremiah lets out a twisted cry.
Something smites you!
You die...
Jeremiah wails, "I didn't mean to kill anyone!
I'm not a murderer!"

*******,,########..........#
*,,########..#....#..#
*,,########..........#
*,,####...#.#......#.#
*,,###.###...........#
*,,......#...##....###
**,###.#.#.#####.###
*,.###...b#####.#
**.####$#@#####[#
***.####.#.#####.#
*,,...{..bbb{....#
*,*...{.b.Fb.###.#
*,*.####b#b#b###.#
*******,*.####.#.#.###.#
,,,,,,,,*.####...#b###.#
*********,,,,.,###,#
*,********** *,****,* *,*
*,,,,,,,,,,,


You could see Jeremiah (unable to see you).

Vanquished Creatures
  Sigmund (D:3)
  A sky beast (D:6)
  An ice beast (D:6)
  A phantom (D:4)
  Blork the orc (D:4)
  A howler monkey (D:4)
  A bombardier beetle (D:4)
  4 orc priests
  Crazy Yiuf (D:4)
  2 hounds
  Jessica (D:3)
  An orc wizard (D:6)
  Natasha (thrice) (D:3)
  7 iguanas
  3 adders
  7 gnolls
  A shadow imp (D:5)
  A white imp (D:5)
  2 dart slugs
  2 ribbon worms (D:2)
  24 orcs
  3 ball pythons
  7 endoplasms
  2 giant cockroaches
  5 goblins
  6 hobgoblins
  9 jackals
  3 kobolds
  6 quokkas
  9 bats
  7 frilled lizards
  4 rats
127 creatures vanquished.

Notes
Turn   | Place    | Note
-------+----------+-------------------------------------------
     0 | D:1      | DemonSlayer the Demonspawn Earth Elementalist began the
                  | quest for the Orb.
     0 | D:1      | Reached XP level 1. HP: 13/13 MP: 3/3
   196 | D:1      | Gained mutation: You have a pair of small antennae on your
                  | head. [demonic ancestry]
   196 | D:1      | Reached XP level 2. HP: 18/19 MP: 5/5
   639 | D:1      | Gained mutation: A meltable shield of frost defends you.
                  | (SH +4) [demonic ancestry]
   639 | D:1      | Reached XP level 3. HP: 25/25 MP: 6/6
   938 | D:1      | Learned a level 3 spell: Stone Arrow
  1173 | D:2      | Found Guebryka's Distillery.
  1374 | D:2      | Found a bloodstained altar of Trog.
  1965 | D:2      | Identified the +0 leather armour of Sirilir {Str+3}
  2196 | D:2      | Learned a level 3 spell: Passwall
  2247 | D:3      | Reached XP level 4. HP: 30/31 MP: 4/8
  2388 | D:3      | Noticed Natasha
  2393 | D:3      | Killed Natasha
  2499 | D:3      | Identified the +5 ring mail "Ciem" {+Blink Str+2 Slay+3}
  2503 | D:3      | Found a faded altar of an unknown god.
  2551 | D:3      | Reached XP level 5. HP: 30/36 MP: 5/10
  2747 | D:3      | Noticed Sigmund
  3284 | D:3      | Killed Sigmund
  3285 | D:3      | Gained mutation: A meltable icy envelope protects you from
                  | harm. (AC +4) [demonic ancestry]
  3285 | D:3      | Reached XP level 6. HP: 42/42 MP: 1/12
  3676 | D:3      | Noticed Natasha
  3681 | D:3      | Killed Natasha
  3847 | D:3      | Noticed Jessica
  3848 | D:3      | Killed Jessica
  3932 | D:3      | Noticed Natasha
  3938 | D:3      | Killed Natasha
  3965 | D:4      | Found a blossoming altar of Fedhas.
  4115 | D:4      | Found a runed translucent door.
  4116 | D:4      | Noticed Crazy Yiuf
  4152 | D:4      | Reached skill level 5 in Spellcasting
  4156 | D:4      | Reached skill level 5 in Earth Magic
  4156 | D:4      | Gained mutation: You are partially covered in yellow
                  | scales. (AC +2) [demonic ancestry]
  4156 | D:4      | Reached XP level 7. HP: 25/47 MP: 7/14
  4266 | D:4      | Reached skill level 1 in Armour
  4292 | D:4      | Found Usooxic's Antique Weapon Shop.
  4320 | D:4      | Reached skill level 1 in Shields
  4380 | D:4      | Found an ancient bone altar of Kikubaaqudgha.
  4775 | D:4      | Noticed Blork the orc
  4782 | D:4      | Killed Blork the orc
  5309 | D:5      | Entered Level 5 of the Dungeon
  5332 | D:5      | Found a staircase to the Ecumenical Temple.
  5333 | D:5      | Identified the +2 mace of Dean {flame, *Slow Str+6}
  5347 | Temple   | Entered the Ecumenical Temple
  5379 | Temple   | Became a worshipper of Dithmenos the Shadowed
  5504 | D:5      | Found a stormy altar of Qazlal.
  6264 | D:5      | Learned a level 4 spell: Petrify
  6269 | D:5      | Learned a level 4 spell: Brom's Barrelling Boulder
  6799 | D:4      | Killed Crazy Yiuf
  6800 | D:4      | Gained mutation: You have a pair of antennae on your head.
                  | [demonic ancestry]
  6800 | D:4      | Reached XP level 8. HP: 47/53 MP: 11/16
  6931 | D:6      | Found a bloodstained altar of Trog.
  7236 | D:6      | Noticed Jeremiah
  7263 | D:6      | HP: 1/47 [Jeremiah/divine providence (13)]
  7267 | D:6      | Killed from afar by Jeremiah

Illustrated notes

Levels and vault maps discovered:
D:1:      erik_arrival_blinker_ship, layout_basic
D:2:      layout_basic, basic_altar, serial_shops, nicolae_shop_waterfront,
          grunt_decor_one_mirror
D:3:      layout_basic, ebering_ecumenical_altar_box, uniq_jessica,
          uniq_sigmund, uniq_natasha
D:4:      layout_layer_cave, fedhas_altar_3, kiku_gazebo_garden_becter,
          elyvilon_altar_3, serial_shops, shop, grunt_decor_junction,
          uniq_crazy_yiuf_cottage, uniq_blork_the_orc
D:5:      layout_basic, kennysheep_mini_moat, minmay_temple_entry_large_hall,
          serial_park_tiny_pond
D:6:      layout_loops_ring, overflow_temple_1_default, roderic_batcave,
          minmay_misc_feat_more_columns, uniq_jeremiah
Temple:   nicolae_temple_figure_eight

Skill      XL: |  1  2  3  4  5  6  7  8 |
---------------+-------------------------+-----
Dodging        | 2 |  2.4
Earth Magic    | 3 4 5 6 |  6.4
Spellcasting   | 3 4 5 6 |  6.3
Stealth        | 2 |  2.1
Armour         | 1 |  1.6
Shields        | 1 |  1.7
Fighting       | |  0.5
Short Blades   | |  0.5
Conjurations   | |  1.0

Action                     |  1- 3 |  4- 6 |  7- 9 || total
---------------------------+-------+-------+-------++-------
  Melee: Short sword       |    38 |       |       ||    38
         Dagger            |     1 |     7 |     8 ||    16
   Cast: Sandblast         |    61 |   108 |    93 ||   262
    Use: Scroll            |     6 |       |     7 ||    13
         Potion            |       |       |     3 ||     3
   Stab: Sleeping          |     2 |     1 |       ||     3
 Armour: Robe              |    36 |    11 |       ||    47
         Ring mail         |       |    69 |    26 ||    95
  Dodge: Dodged            |    54 |    52 |    27 ||   133
  Block: Other             |     4 |    16 |     8 ||    28
